3AAA
AUGUSTA TIMBER HAWKS @ PURE MICHIGAN GREAT LAKERS
07/26/2032
 
TOP OF THE 1ST
Augusta Timber Hawks batting - Pitching for Pure Michigan Great Lakers : RHP Doran Turchin
Pitching: RHP Doran Turchin
Batting: LHB José Pérez 0-0: Ball
1-0: Foul Ball, location: 2F
1-1: Fly out, F4 (Popup, 13S)
Batting: RHB Uchino Akahito 0-0: Ball
1-0: Called Strike
1-1: Fly out, F9 (Flyball, 9LS)
Batting: LHB Mike Houston 0-0: Ball
1-0: Ground out 4-3 (Groundball, 4)
Top of the 1st over - 0 runs, 0 hits, 0 errors, 0 left on base; Augusta 0 - Pure Michigan 0
BOTTOM OF THE 1ST
Pure Michigan Great Lakers batting - Pitching for Augusta Timber Hawks : RHP Nicolas Roche
Pitching: RHP Nicolas Roche
Batting: LHB Michael Cochran 0-0: Ball
1-0: Ball
2-0: Called Strike
2-1: Called Strike
2-2: Foul Ball, location: 2F
2-2: Ground out 6-3 (Groundball, 6S)
Batting: RHB Dan Hendricks 0-0: SINGLE (Groundball, 6D)
Batting: LHB Dudley Gardner 0-0: Fly out, F7 (Flyball, 7)
Batting: RHB Alco Compagne 0-0: Ball
1-0: Ball
2-0: Fielders Choice at 2nd, 6-4 (Groundball, 56)
Bottom of the 1st over - 0 runs, 1 hit, 0 errors, 1 left on base; Augusta 0 - Pure Michigan 0
TOP OF THE 2ND
Augusta Timber Hawks batting - Pitching for Pure Michigan Great Lakers : RHP Doran Turchin
Batting: RHB David Martínez 0-0: Ball
1-0: SINGLE (Groundball, 4MD)
Batting: RHB Dave Yates 0-0: Called Strike
0-1: Ball
Passed Ball!
David Martínez to second
1-1: Ball
2-1: Ground out 5-3 (Groundball, 56S)
David Martínez to third
Batting: RHB Jesús Recesvinto 0-0: Called Strike
0-1: Called Strike
0-2: Ball
1-2: Ball
2-2: Ball
3-2: Fly out, F7 (Flyball, 78D)
Runner from 3rd tags up, SCORES, throw made
Batting: LHB Carlos Medellín 0-0: Ball
1-0: Ball
2-0: Ball
3-0: Called Strike
3-1: Base on Balls
Batting: RHB Hang-ki Chung 0-0: Ball
1-0: SINGLE (Groundball, 5S) (infield hit)
Carlos Medellín to second
Batting: RHB Jaime Cruz 0-0: SINGLE (Line Drive, 56)
Carlos Medellín to third
Hang-ki Chung to second
Runner from 3rd tries for Home, SAFE, no throw
Batting: LHB José Pérez 0-0: Called Strike
0-1: Ball
1-1: Ball
2-1: Swinging Strike
2-2: Strikes out swinging
Top of the 2nd over - 2 runs, 3 hits, 0 errors, 2 left on base; Augusta 2 - Pure Michigan 0
BOTTOM OF THE 2ND
Pure Michigan Great Lakers batting - Pitching for Augusta Timber Hawks : RHP Nicolas Roche
Batting: SHB Allen Pandey 0-0: Ball
1-0: Fly out, F6 (Flyball, 56D)
Batting: SHB Cyrille Baffi 0-0: Foul Ball, location: 2F
0-1: Swinging Strike
0-2: Ball
1-2: SINGLE (Flyball, 9LS)
Batting: RHB Hamilton Swan 0-0: Grounds into double play, 1-6-3 (Groundball, P)
Bottom of the 2nd over - 0 runs, 1 hit, 0 errors, 0 left on base; Augusta 2 - Pure Michigan 0
TOP OF THE 3RD
Augusta Timber Hawks batting - Pitching for Pure Michigan Great Lakers : RHP Doran Turchin
Batting: RHB Uchino Akahito 0-0: Called Strike
0-1: Ball
1-1: Ball
2-1: Foul Ball, location: 2F
2-2: Ball
3-2: Base on Balls
Batting: LHB Mike Houston 0-0: Called Strike
0-1: Ball
1-1: Ball
Wild Pitch!
Uchino Akahito to second
2-1: Foul Ball, location: 2F
2-2: Ball
3-2: Base on Balls
Batting: RHB David Martínez 0-0: Ball
1-0: Called Strike
1-1: Foul Ball, location: 2F
1-2: Ball
2-2: Strikes out swinging
Batting: RHB Dave Yates 0-0: Swinging Strike
0-1: Ball
1-1: Foul Ball, location: 2F
1-2: Strikes out looking
Batting: RHB Jesús Recesvinto 0-0: Called Strike
0-1: Ball
1-1: Ball
2-1: Ball
3-1: Foul Ball, location: 2F
3-2: Foul Ball, location: 2F
3-2: Base on Balls
Uchino Akahito to third
Mike Houston to second
Batting: LHB Carlos Medellín 0-0: Ball
1-0: Foul Ball, location: 2F
1-1: Foul Ball, location: 2F
1-2: Foul Ball, location: 2F
1-2: Strikes out swinging
Top of the 3rd over - 0 runs, 0 hits, 0 errors, 3 left on base; Augusta 2 - Pure Michigan 0
BOTTOM OF THE 3RD
Pure Michigan Great Lakers batting - Pitching for Augusta Timber Hawks : RHP Nicolas Roche
Batting: LHB Ángel Pineda 0-0: Foul Ball, location: 2F
0-1: Ground out 6-3 (Groundball, 6)
Batting: LHB Victor Schuur 0-0: Ball
1-0: Ball
2-0: Ball
3-0: SINGLE (Line Drive, 8RS)
Batting: LHB Michael Cochran 0-0: Grounds into double play, 5-4-3 (Groundball, 56)
Bottom of the 3rd over - 0 runs, 1 hit, 0 errors, 0 left on base; Augusta 2 - Pure Michigan 0
TOP OF THE 4TH
Augusta Timber Hawks batting - Pitching for Pure Michigan Great Lakers : RHP Doran Turchin
Batting: RHB Hang-ki Chung 0-0: Called Strike
0-1: Ball
1-1: Ball
2-1: Ball
3-1: Ground out 4-3 (Groundball, 4)
Batting: RHB Jaime Cruz 0-0: DOUBLE (Flyball, 8LD)
Batting: LHB José Pérez 0-0: Called Strike
0-1: Ball
1-1: Called Strike
Jaime Cruz steals 3rd base
1-2: SINGLE (Line Drive, 6MD)
Jaime Cruz scores
Batting: RHB Uchino Akahito 0-0: Foul Ball, location: 2F
0-1: Fly out, F8 (Flyball, 8RS)
Batting: LHB Mike Houston 0-0: Ball
1-0: Ball
2-0: Foul Ball, location: 2F
2-1: Fielders Choice at 2nd, 6-4 (Groundball, 6)
Top of the 4th over - 1 run, 2 hits, 0 errors, 1 left on base; Augusta 3 - Pure Michigan 0
BOTTOM OF THE 4TH
Pure Michigan Great Lakers batting - Pitching for Augusta Timber Hawks : RHP Nicolas Roche
Batting: RHB Dan Hendricks 0-0: Ground out 6-3 (Groundball, 56D)
Batting: LHB Dudley Gardner 0-0: Fly out, F7 (Flyball, 78XD)
Batting: RHB Alco Compagne 0-0: Ball
1-0: SINGLE (Line Drive, 7LS)
Batting: SHB Allen Pandey 0-0: Ball
1-0: SINGLE (Groundball, 6MD)
Alco Compagne to second
Runner from 2nd tries for 3rd, SAFE, no throw
Batting: SHB Cyrille Baffi 0-0: Ball
1-0: Ball
Allen Pandey is caught stealing 2nd base
Bottom of the 4th over - 0 runs, 2 hits, 0 errors, 1 left on base; Augusta 3 - Pure Michigan 0
TOP OF THE 5TH
Augusta Timber Hawks batting - Pitching for Pure Michigan Great Lakers : RHP Doran Turchin
Batting: RHB David Martínez 0-0: Called Strike
0-1: Ball
1-1: Fly out, F8 (Line Drive, 8LD)
Batting: RHB Dave Yates 0-0: Ball
1-0: Called Strike
1-1: Called Strike
1-2: Foul Ball, location: 2F
1-2: Ball
2-2: Strikes out swinging
Batting: RHB Jesús Recesvinto 0-0: Ball
1-0: Ball
2-0: Called Strike
2-1: Ball
3-1: SINGLE (Groundball, 34D)
Batting: LHB Carlos Medellín 0-0: Called Strike
0-1: Ball
Pickoff Throw to First - Out!
Top of the 5th over - 0 runs, 1 hit, 0 errors, 0 left on base; Augusta 3 - Pure Michigan 0
BOTTOM OF THE 5TH
Pure Michigan Great Lakers batting - Pitching for Augusta Timber Hawks : RHP Nicolas Roche
Batting: SHB Cyrille Baffi 0-0: Bunt for hit - play at first, batter OUT! 1-3
Batting: RHB Hamilton Swan 0-0: Ball
1-0: Ball
2-0: Foul Ball, location: 2F
2-1: Foul Ball, location: 2F
2-2: Strikes out swinging
Batting: LHB Ángel Pineda 0-0: Ball
1-0: Ball
2-0: Called Strike
2-1: Called Strike
2-2: Ball
3-2: Base on Balls
Batting: LHB Victor Schuur 0-0: Ball
1-0: Ball
2-0: Ball
3-0: Called Strike
3-1: SINGLE (Groundball, 34D)
Ángel Pineda to second
Runner from 2nd tries for 3rd, SAFE, throw made to third
Batting: LHB Michael Cochran 0-0: Ball
1-0: Called Strike
1-1: Foul Ball, location: 2F
1-2: Ball
2-2: Foul Ball, location: 2F
2-2: SINGLE (Line Drive, 8LS)
Ángel Pineda scores
Victor Schuur to second
Runner from 2nd tries for 3rd, SAFE, throw made to third
Batting: RHB Dan Hendricks 0-0: Foul Ball, location: 2F
0-1: Fly out, F9 (Flyball, 9S)
Bottom of the 5th over - 1 run, 2 hits, 0 errors, 2 left on base; Augusta 3 - Pure Michigan 1
TOP OF THE 6TH
Augusta Timber Hawks batting - Pitching for Pure Michigan Great Lakers : RHP Doran Turchin
Batting: LHB Carlos Medellín 0-0: SINGLE (Groundball, 6MD)
Batting: RHB Hang-ki Chung 0-0: Ball
1-0: Bunted foul
1-1: Ball
2-1: Bunted foul
2-2: Ball
3-2: Fly out, F4 (Popup, 4M)
Batting: RHB Jaime Cruz 0-0: Called Strike
0-1: Swinging Strike
0-2: Ball
1-2: Foul Ball, location: 2F
1-2: Fly out, F9 (Flyball, 9LD)
Pitching: LHP Filip Radyuhin
Batting: LHB José Pérez 0-0: Ball
Carlos Medellín is caught stealing 2nd base
Top of the 6th over - 0 runs, 1 hit, 0 errors, 0 left on base; Augusta 3 - Pure Michigan 1
BOTTOM OF THE 6TH
Pure Michigan Great Lakers batting - Pitching for Augusta Timber Hawks : RHP Nicolas Roche
Batting: LHB Dudley Gardner 0-0: Ball
1-0: Called Strike
1-1: Foul Ball, location: 2F
1-2: Ground out 4-3 (Groundball, 4S)
Batting: RHB Alco Compagne 0-0: Fly out, F9 (Flyball, 89S)
Batting: SHB Allen Pandey 0-0: Called Strike
0-1: Swinging Strike
0-2: Ball
1-2: Foul Ball, location: 2F
1-2: Ball
2-2: Strikes out swinging
Bottom of the 6th over - 0 runs, 0 hits, 0 errors, 0 left on base; Augusta 3 - Pure Michigan 1
TOP OF THE 7TH
Augusta Timber Hawks batting - Pitching for Pure Michigan Great Lakers : LHP Filip Radyuhin
Batting: LHB José Pérez 0-0: Ball
1-0: Ground out 4-3 (Groundball, 4M)
Batting: RHB Uchino Akahito 0-0: Ball
1-0: Called Strike
1-1: Ball
2-1: Foul Ball, location: 2F
2-2: Foul Ball, location: 2F
2-2: Ground out 6-3 (Groundball, 6)
Batting: LHB Mike Houston 0-0: Ball
1-0: Foul Ball, location: 2F
1-1: Ball
2-1: Called Strike
2-2: Strikes out looking
Top of the 7th over - 0 runs, 0 hits, 0 errors, 0 left on base; Augusta 3 - Pure Michigan 1
BOTTOM OF THE 7TH
Pure Michigan Great Lakers batting - Pitching for Augusta Timber Hawks : RHP Nicolas Roche
Now at 1B: Tony Farquharson
Batting: SHB Cyrille Baffi 0-0: Foul Ball, location: 2F
0-1: Called Strike
0-2: Strikes out swinging
Batting: RHB Hamilton Swan 0-0: Called Strike
0-1: Swinging Strike
0-2: Ball
1-2: Ball
2-2: Ball
3-2: Fly out, F8 (Flyball, 8RM)
Batting: LHB Ángel Pineda 0-0: Ball
1-0: Foul Ball, location: 2F
1-1: Swinging Strike
1-2: Ball
2-2: Ball
3-2: SINGLE (Groundball, 34D)
Batting: LHB Victor Schuur 0-0: Ball
1-0: Called Strike
1-1: Ball
2-1: Called Strike
2-2: Strikes out swinging
Bottom of the 7th over - 0 runs, 1 hit, 0 errors, 1 left on base; Augusta 3 - Pure Michigan 1
TOP OF THE 8TH
Augusta Timber Hawks batting - Pitching for Pure Michigan Great Lakers : LHP Filip Radyuhin
Batting: RHB David Martínez 0-0: Foul Ball, location: 2F
0-1: Foul Ball, location: 2F
0-2: Ball
1-2: Foul Ball, location: 2F
1-2: Strikes out looking
Batting: RHB Dave Yates 0-0: Ball
1-0: Called Strike
1-1: Ball
2-1: Foul Ball, location: 2F
2-2: Strikes out looking
Batting: RHB Jesús Recesvinto 0-0: Ball
1-0: Ground out 5-3 (Groundball, 5L)
Top of the 8th over - 0 runs, 0 hits, 0 errors, 0 left on base; Augusta 3 - Pure Michigan 1
BOTTOM OF THE 8TH
Pure Michigan Great Lakers batting - Pitching for Augusta Timber Hawks : RHP Nicolas Roche
Now in RF: Ed Jozwiak
Batting: LHB Michael Cochran 0-0: Called Strike
0-1: Ball
1-1: Ground out 4-3 (Groundball, 4)
Pitching: RHP Keith Cochrane
Batting: RHB Dan Hendricks 0-0: Ball
1-0: Ball
2-0: Ball
3-0: Base on Balls
Batting: LHB Dudley Gardner 0-0: Foul Ball, location: 2F
0-1: Fly out, F9 (Flyball, 9LMF)
Batting: RHB Alco Compagne 0-0: Ground out U3 (Groundball, 3)
Bottom of the 8th over - 0 runs, 0 hits, 0 errors, 1 left on base; Augusta 3 - Pure Michigan 1
TOP OF THE 9TH
Augusta Timber Hawks batting - Pitching for Pure Michigan Great Lakers : LHP Filip Radyuhin
Batting: LHB Carlos Medellín 0-0: Called Strike
0-1: Ball
1-1: Called Strike
1-2: Strikes out swinging
Batting: RHB Hang-ki Chung 0-0: Called Strike
0-1: SINGLE (Groundball, 6D)
Batting: RHB Jaime Cruz 0-0: Ball
1-0: Called Strike
1-1: Foul Ball, location: 2F
1-2: Fielders Choice at 2nd, 1-4 (Groundball, 15)
Batting: RHB Tony Farquharson 0-0: Ball
1-0: Called Strike
1-1: Ball
2-1: Ball
3-1: Foul Ball, location: 2F
3-2: Foul Ball, location: 2F
3-2: Strikes out swinging
Top of the 9th over - 0 runs, 1 hit, 0 errors, 1 left on base; Augusta 3 - Pure Michigan 1
BOTTOM OF THE 9TH
Pure Michigan Great Lakers batting - Pitching for Augusta Timber Hawks : RHP Keith Cochrane
Pitching: RHP Omara Moctar
Batting: SHB Allen Pandey 0-0: Ball
1-0: Foul Ball, location: 2F
1-1: Ball
2-1: Ball
3-1: Base on Balls
Pinch Hitting: LHB Gilberto Moreno 0-0: Ball
1-0: Called Strike
1-1: Ball
2-1: Fly out, F4 (Popup, 34)
Pinch Hitting: LHB Gerardo Ponce de Leon 0-0: Ball
1-0: Ball
2-0: Foul Ball, location: 2F
2-1: Ball
3-1: Fly out, F9 (Flyball, 9)
Batting: LHB Ángel Pineda 0-0: Ball
1-0: Foul Ball, location: 2F
1-1: Ground out 5-3 (Groundball, 5S)
Bottom of the 9th over - 0 runs, 0 hits, 0 errors, 1 left on base; Augusta 3 - Pure Michigan 1
Wednesday, September 19th, 2018 - OOTP Baseball 18.8 Build 76